Map: Coda EC

Players

FlobbeR - Winner!

  • Race: Zerg Zerg

AgCl

  • Race: Protoss Protoss

VOD

Have the link to the VOD?

Description

Time

  • Played on: May 5, 2015, 6:25 a.m.
  • Length: 2:11
Show
View Real Time Build Order
Export as new Build Order

FlobbeR Zerg - Winner!

Build Orders: Pool First 

Get SALT Encoding   

  12  0:01  Drone  
  13  0:12  Overlord  
  13  0:18  Drone  
  14  0:32  Drone x2  
  14  0:34  Drone  
  17  0:46  Spawning Pool  
  16  1:08  Hatchery  
  15  1:12  Drone  
  15  1:14  Drone  
  17  1:43  Zergling x4  
  17  1:44  Zergling x2  
Show
View Real Time Build Order
Export as new Build Order

AgCl Protoss 

Build Orders:  

Get SALT Encoding   

  12  0:02  Probe  
  13  0:21  Pylon  
  13  0:23  Probe  
  14  0:39  Probe (Chrono Boost)  
  15  0:44  Forge  
  15  0:51  Probe (Chrono Boost)  
  16  1:01  Probe (Chrono Boost)  
  17  1:09  Probe  
  18  1:27  Pylon x2  
  18  1:29  Pylon  
  18  1:34  Pylon  
  18  1:46  Photon Cannon  
  18  1:47  Photon Cannon  
  18  1:48  Gateway  
Tags
 
Matchup
PvZ
Opening
Pool First
Add a new tag
Caveats
  • Supply blocks, unpowered buildings, or Contaminate may cause inaccurate times.
  • Supply counts are checked every 10 seconds.